 Dungeon Crawl Stone Soup version 0.14-a0-770-g009d3a2 (webtiles) character file.

8119 MrP the Bludgeoner (level 11, -1/69 HPs)
             Began as a Formicid Fighter on Nov 9, 2013.
             Was a Follower of Okawaru.
             Slain by a blink frog (12 damage)
             ... on Level 3 of the Lair of Beasts.
             The game lasted 00:55:27 (16229 turns).

MrP the Bludgeoner (Formicid Fighter)              Turns: 16229, Time: 00:55:28

HP  -1/69        AC 12     Str 23      XL: 11   Next: 44%
MP  10/10        EV  9     Int  7      God: Okawaru [*.....]
Gold 271         SH  0     Dex 12      Spells:  0 memorised, 10 levels left

Res.Fire  : + . .   See Invis. : .   F - +1 giant club
Res.Cold  : . . .   Warding    : .   J - +2 scale mail {rF+}
Life Prot.: + . .   Conserve   : .   (no shield)
Res.Poison: x       Res.Corr.  : .   (helmet restricted)
Res.Elec. : .       Clarity    : .   l - +1 cloak
Sust.Abil.: . .     Spirit.Shd : .   (no gloves)
Res.Mut.  : .       Stasis     : +   (no boots)
Res.Rott. : .       Flight     : .   (no amulet)
Saprovore : . . .                    (no ring)
                                     D - ring of positive energy

@: non-regenerating, badly diseased, somewhat resistant to hostile enchantments,
extremely unstealthy
A: permanent stasis, dig shafts and tunnels, four strong arms, poison weakness,
antennae 2, exoskeleton 1
a: Dig, Shaft Self, Heroism, Renounce Religion


You were on level 3 of the Lair of Beasts.
You worshipped Okawaru.
Okawaru was aware of your devotion.
You were not hungry.

You visited 3 branches of the dungeon, and saw 15 of its levels.

You collected 407 gold pieces.
You spent 136 gold pieces at shops.

Inventory:

Hand weapons
 a - a +0,+0 mace
 d - a +0 blowgun
 e - a +1,+0 spear of venom
 j - a +0,+0 spear
 A - a +0 blowgun
 F - a +1,+1 giant club (weapon)
 H - a +4,+2 flail of holy wrath
Missiles
 m - a dart of flame (quivered)
 v - 3 needles of sleeping
 B - 25 poisoned needles
 E - 2 tomahawks
 P - 18 darts
Armour
 c - a +0 shield
 f - a +1 dwarven plate armour
 l - a +1 cloak (worn)
 x - a +0 orcish buckler
 J - a +2 scale mail of fire resistance (worn)
Magical devices
 b - a wand of flame (3)
 u - a wand of random effects (9)
 y - a wand of draining (0)
 K - a wand of paralysis (0)
 N - a wand of disintegration (11)
 O - a wand of hasting (3)
Comestibles
 o - 7 meat rations
 q - 18 grapes
 s - a pear
 z - 2 bread rations
 L - an orange
 Q - a chunk of porcupine flesh
 R - 2 chunks of jackal flesh
 S - 4 chunks of komodo dragon flesh
Scrolls
 h - 2 scrolls of enchant armour {unknown}
 i - a scroll of recharging {unknown}
 n - 5 scrolls of remove curse
 r - 4 scrolls of fog
 t - a scroll of immolation
 C - 2 scrolls of amnesia
 G - a scroll of magic mapping
Jewellery
 D - a ring of positive energy (left hand)
 M - an uncursed ring of fire
Potions
 g - a potion of magic
 k - a potion of speed
 p - a potion of slowing
 w - a potion of flight
 I - a potion of restore abilities


   Skills:
 - Level 6.0 Fighting
 + Level 15.4 Maces & Flails
 - Level 3.6 Armour
   Level 3.0 Shields


You had 10 spell levels left.
You didn't know any spells.

Dungeon Overview and Level Annotations

Branches:
Dungeon (11/27)            Temple (1/1) D:7             Orc (0/4) D:8
   Lair (3/8) D:9
  Swamp: Lair:3-6     Snake: Lair:3-6

Altars:
Ashenzari
Elyvilon
Fedhas
Kikubaaqudgha
Makhleb
Nemelex Xobeh
Okawaru
Sif Muna
Trog
Vehumet
Xom
Yredelemnul
Zin
the Shining One
Beogh

Shops:
D:8 [   D:9 *(

Annotations:
D:5 Sigmund
D:11 Urug
Lair:3 Vidiiot's ghost, powerful HEGl


Innate Abilities, Weirdness & Mutations

Your are under a permanent stasis effect.
You can dig through walls and to a lower floor.
Your four strong arms can wield any weapon, most with a shield.
You are susceptible to poison.
You have a pair of antennae on your head.
Your body is surrounded by an exoskeleton. (HP +5, AC +1)


Message History

The blink frog gives a loud, deep croak!
The blink frog blinks!
The blink frog hits you!
* * * LOW HITPOINT WARNING * * *
The blink frog blinks!
Unknown command.
Read which item? (? for menu, Esc to quit)
Okay, then.
Unknown command.
Use which ability? (? or * to list)
You can't do that.
Use which ability? (? or * to list)
Okay, then.
Use which ability? (? or * to list) Are you sure you want to shaft yourself?
You feel quite a bit more hungry. The blink frog hits you.
* * * LOW HITPOINT WARNING * * *
The blink frog blinks!
You begin to dig a shaft.
You continue digging a shaft.
The blink frog hits you!
You die...

##### #.#f## ##..... # #########
#############.#.... ####.#.P##.#
#..P..##...###.....
.<........######...............(.
.######.#..##.#§.F..........#....
## ####..F.F.@F............... #
###.###.§..........#.... #
#.#.#..f##...f.####.... #
###########..### #P.... ##....###
###..# ###.#.#.#P## #.##
#..........# #### ## #..........#
# .# #..........# #


You could see 4 blink frogs.

Vanquished Creatures
  Joseph (D:7)
  3 spiny frogs
  A komodo dragon (Lair:3)
  The ghost of cedor the Cudgeler, an average OgAM (D:5)
  A wraith (D:9)
  3 yaks (Lair:1)
  2 hungry ghosts (D:8)
  2 hippogriffs (Lair:1)
  Edmund (D:4)
  Menkaure (D:5)
  2 porcupines
  7 ice beasts
  A black bear (D:8)
  4 ogres
  A centaur (D:8)
  2 sky beasts
  2 phantoms
  A yellow wasp (D:8)
  2 crocodiles (Lair:3)
  2 water moccasins
  5 big kobolds (D:8)
  A gnoll sergeant (D:9)
  A giant slug (Lair:3)
  Blork the orc (D:4)
  4 giant frogs
  An agate snail (Lair:3)
  7 crimson imps
  A quasit (D:8)
  3 goliath beetles
  A giant frog zombie (D:6)
  6 hounds
  4 iguanas
  11 orc wizards
  A big fish (D:9)
  A giant frog skeleton (D:6)
  A water moccasin zombie (D:7)
  9 worker ants
  4 orc priests
  2 scorpions
  An ogre zombie (D:7)
  6 gnolls
  13 adders
  7 green rats (Lair:3)
  2 inept feature mimics
  2 giant mites
  3 worms
  An iguana zombie (D:5)
  An adder skeleton (D:7)
  3 giant eyeballs
  7 giant geckos
  4 oozes
  43 orcs
  16 bats
  A bat zombie (D:1)
  9 giant cockroaches
  21 hobgoblins
  18 jackals
  24 kobolds
  6 quokkas
  A ball python (D:4)
  A giant gecko skeleton (D:5)
  A giant gecko zombie (D:1)
  3 giant newts
  A giant spore (D:6)
  15 goblins
  A goblin skeleton (D:4)
  16 rats
  A rat skeleton (D:3)
  A ballistomycete (D:6)
333 creatures vanquished.

Vanquished Creatures (others)
  A fungus (Lair:3)
1 creature vanquished.

Grand Total: 334 creatures vanquished

Notes
Turn   | Place    | Note
--------------------------------------------------------------
     0 | D:1      | MrP, the Formicid Fighter, began the quest for the Orb.
     0 | D:1      | Reached XP level 1. HP: 19/19 MP: 0/0
   101 | D:1      | Reached XP level 2. HP: 18/24 MP: 1/1
   697 | D:1      | Reached XP level 3. HP: 29/29 MP: 2/2
  1691 | D:1      | Reached skill level 4 in Maces & Flails
  1691 | D:1      | Reached XP level 4. HP: 20/33 MP: 3/3
  1912 | D:2      | HP: 1/33 [worm (9)]
  2901 | D:2      | Reached XP level 5. HP: 28/37 MP: 4/4
  3128 | D:2      | Reached skill level 5 in Maces & Flails
  3808 | D:3      | Noticed an ogre
  3943 | D:4      | Noticed Edmund
  3952 | D:5      | Entered Level 5 of the Dungeon
  3964 | D:5      | Noticed Menkaure
  4108 | D:4      | Noticed Blork the orc
  4487 | D:3      | Reached XP level 6. HP: 20/43 MP: 5/5
  4673 | D:3      | Killed an ogre
  4673 | D:3      | Reached skill level 6 in Maces & Flails
  4960 | D:4      | Killed Blork the orc
  5342 | D:4      | Killed Edmund
  5342 | D:4      | Reached skill level 7 in Maces & Flails
  5342 | D:4      | Reached XP level 7. HP: 37/47 MP: 6/6
  5496 | D:4      | Found a shimmering altar of Xom.
  5974 | D:4      | Reached skill level 8 in Maces & Flails
  6421 | D:5      | Killed Menkaure
  6421 | D:5      | Gained mutation: You have a pair of antennae on your head. [level up]
  6421 | D:5      | Reached XP level 8. HP: 51/53 MP: 7/7
  6512 | D:5      | Noticed Sigmund
  7532 | D:6      | Reached skill level 9 in Maces & Flails
  7540 | D:6      | Reached skill level 5 in Fighting
  7653 | D:5      | Noticed cedor's ghost (average OgAM)
  7657 | D:5      | You fall through a shaft!
  7799 | D:5      | You fall through a shaft!
  8513 | D:8      | Reached XP level 9. HP: 41/59 MP: 8/8
  8555 | D:7      | You fall through a shaft!
  8555 | D:10     | Entered Level 10 of the Dungeon
  8662 | D:9      | Found a shattered altar of Ashenzari.
  8676 | D:9      | Found a staircase to the Lair.
  8686 | Lair:1   | Entered Level 1 of the Lair of Beasts
  8764 | D:9      | Reached skill level 10 in Maces & Flails
  8766 | D:9      | Found Apta's Distillery.
  8769 | D:9      | Apta's Distillery was a mimic.
  8909 | D:9      | Found Pew Top's Weapon Shoppe.
  9168 | D:7      | Noticed Joseph
  9188 | D:7      | Killed Joseph
  9188 | D:7      | Reached skill level 11 in Maces & Flails
  9645 | D:5      | Noticed a sky beast
  9672 | D:5      | Killed a sky beast
  9860 | D:5      | Reached XP level 10. HP: 61/65 MP: 9/9
 10049 | D:5      | Found an ancient bone altar of Kikubaaqudgha.
 10083 | D:5      | Killed cedor's ghost
 10083 | D:5      | Reached skill level 12 in Maces & Flails
 10487 | D:7      | You fall through a shaft!
 10732 | D:9      | Found Gheuc's Assorted Antiques.
 10745 | D:9      | Bought a potion of curing for 68 gold pieces
 10745 | D:9      | Bought 2 scrolls labeled ISAUNEGGEM for 68 gold pieces
 10773 | D:8      | Reached skill level 13 in Maces & Flails
 11477 | D:8      | You fall through a shaft!
 11831 | D:11     | Noticed Urug
 11842 | D:11     | Noticed a cyclops
 11869 | D:10     | Noticed a troll
 12838 | D:7      | You fall through a shaft!
 13112 | D:8      | Found Ghuyr's Antique Armour Shoppe.
 13213 | D:8      | Found a staircase to the Orcish Mines.
 13221 | D:8      | Found a roughly hewn altar of Beogh.
 13610 | D:7      | Found a staircase to the Ecumenical Temple.
 13616 | Temple   | Entered the Ecumenical Temple
 13672 | Temple   | Became a worshipper of Warmaster Okawaru
 13784 | D:7      | You fall through a shaft!
 13849 | Lair:1   | Noticed a spiny frog
 13862 | Lair:1   | Killed a spiny frog
 13862 | Lair:1   | Reached skill level 14 in Maces & Flails
 13868 | Lair:1   | Reached XP level 11. HP: 45/69 MP: 10/10
 13981 | Lair:1   | Acquired Okawaru's first power
 14727 | Lair:1   | Noticed a spiny frog
 14734 | Lair:1   | Killed a spiny frog
 14845 | Lair:1   | Noticed a four-headed hydra
 14899 | Lair:1   | You fall through a shaft!
 14909 | Lair:2   | Reached skill level 15 in Maces & Flails
 14914 | Lair:2   | You fall through a shaft!
 16172 | Lair:3   | Noticed Vidiiot's ghost (powerful HEGl)
 16229 | Lair:3   | Slain by a blink frog

Action                   |  1- 3 |  4- 6 |  7- 9 | 10-12 || total
-------------------------+-------+-------+-------+-------++-------
Melee: Mace              |   122 |   249 |     1 |       ||   372
       Flail             |       |       |   473 |   105 ||   578
       Giant club        |       |       |       |   327 ||   327
 Fire: Blowgun           |       |     7 |    17 |    12 ||    36
Throw: Dart              |     6 |     7 |       |     3 ||    16
       Tomahawk          |       |     4 |     1 |     1 ||     6
       Large rock        |       |       |       |     9 ||     9
Invok: Heroism           |       |       |       |     9 ||     9
 Abil: Shaft Self        |       |       |     3 |     7 ||    10
       Dig               |       |       |       |     6 ||     6
Evoke: Wand              |       |    13 |    14 |    20 ||    47
  Use: Scroll            |     3 |     6 |     8 |    13 ||    30
       Potion            |       |     3 |     5 |     6 ||    14
 Stab: Confused          |       |     4 |       |       ||     4
       Paralysed         |       |       |     2 |     4 ||     6
